 Dungeon Crawl Stone Soup version 0.30-a0-715-gdb4ae3ece1 (webtiles) character file.

Game seed: 8741251880342004362

61 tio the Stinger (level 4, -7/32 HPs)
             Began as a Human Wanderer on Jan 24, 2023.
             Was a Follower of Dithmenos.
             Mangled by a gnoll
             ... wielding a +0 halberd
              (11 damage)
             ... on level 3 of the Dungeon on Jan 25, 2023.
             The game lasted 00:16:08 (1808 turns).

tio the Stinger (Human Wanderer)                    Turns: 1808, Time: 00:16:08

Health: -7/32      AC:  9    Str: 12    XL:     4   Next: 27%
Magic:  5/5        EV:  5    Int: 15    God:    Dithmenos [*.....]
Gold:   157        SH:  0    Dex: 12    Spells: 5/5 levels left

rFire   . . .      SeeInvis .    f - +0 short sword (elec)
rCold   . . .      Faith    .    (no shield)
rNeg    . . .      Spirit   .    k - +0 chain mail
rPois   .          Reflect  .    (no helmet)
rElec   .          Harm     .    (no cloak)
rCorr   .          Rampage  .    (no gloves)
Will    +....                    r - +0 pair of boots Stlth
                                 (no amulet)
HPRegen 0.25/turn                a - ring of willpower
MPRegen 0.09/turn                p - ring of flight

@: flying, wreathed by umbra
A: no striking features
a: Renounce Religion


You were on level 3 of the Dungeon.
You worshipped Dithmenos.
Dithmenos was aware of your devotion.
You visited 1 branch of the dungeon, and saw 3 of its levels.

You collected 157 gold pieces.

Inventory:

Hand Weapons
 f - a +0 short sword of electrocution (weapon)
Armour
 c - a +0 robe
 k - a +0 chain mail (worn)
 r - a +0 pair of boots (worn)
Jewellery
 a - a ring of willpower (left hand)
 p - a ring of flight (right hand)
Scrolls
 g - a scroll of fog
 i - a scroll of enchant weapon {unknown}
 j - a scroll of teleportation
 l - a scroll of blinking
 q - a scroll of fear
Potions
 b - 2 potions of berserk rage
 d - a potion of attraction
 e - 4 potions of haste
 h - 2 potions of mutation {unknown}
 m - a potion of lignification {unknown}
 n - 3 potions of flight
 o - a potion of curing
 s - a potion of cancellation {unknown}


   Skills:
 + Level 1.2 Fighting
 + Level 1.0 Short Blades
 + Level 1.3 Armour
 + Level 2.5 Dodging
 + Level 1.6 Stealth
 + Level 1.2 Spellcasting
 + Level 1.0 Earth Magic
 + Level 3.7 Poison Magic


You had 5 spell levels left.
You didn't know any spells.
Your spell library contained the following spells:

 Spells                   Type           Power      Damage    Failure   Level
 Sting                    Tmut/Pois      24%        1d4       99%         1
 Sandblast                Erth           6%         2d5       100%        1
 Poisonous Vapours        Pois/Air       12%        N/A       100%        2
 Ignite Poison            Fire/Tmut/Pois 4%         N/A       100%        3
 Stone Arrow              Conj/Erth      4%         3d7       100%        3


Dungeon Overview and Level Annotations

Branches:
Dungeon (3/15)

Altars:
Dithmenos
Elyvilon

Shops:
D:3 (


Message History

Found a leather armour.
You see here a +0 leather armour.
n - 3 potions of flight (gained 2)
A kobold comes into view. It is wielding a +0 club.
The kobold shouts!
The kobold barely misses you.
You closely miss the kobold. The kobold hits you but does no damage.
You hit the kobold but do no damage. The kobold hits you but does no damage.
You barely miss the kobold. Your punch misses the kobold.
The kobold hits you but does no damage.
You closely miss the kobold. The kobold barely misses you.
You hit the kobold. Lightning courses through the kobold!
You kill the kobold!
Dithmenos accepts your kill.
Your Short Blades skill increases to level 1!
Things that are here:
a +0 club; a kobold corpse 2 gnolls come into view.
The gnoll shouts! x2
The gnoll moves out of view. 2 gnolls come into view.
The gnoll shouts! x2
The gnoll hits you with a +0 spear.
You hit the gnoll but do no damage. The gnoll hits you with a +0 spear.
You barely miss the gnoll. The gnoll hits you with a +0 spear.
You hit the gnoll.
The gnoll is lightly wounded.
The gnoll hits you with a +0 spear.
The gnoll hits you from afar with a +0 halberd!
You completely miss the gnoll. You punch the gnoll, but do no damage.
The gnoll is lightly wounded.
The gnoll hits you with a +0 spear.
* * * LOW HITPOINT WARNING * * *
The gnoll hits you from afar with a +0 halberd.
* * * LOW HITPOINT WARNING * * *
You hit the gnoll.
The gnoll is heavily wounded.
The gnoll hits you but does no damage.
The gnoll hits you from afar with a +0 halberd!
You die...

#.###.#.# ##....#.##.#.####.
#.....#.#######.###..#.#.#.###..
###.###..)......# #.###..#......
#...##########.###..#...#####..
#...# ### ##...##.#### #.. #...#
#... ##.###..# #.. ##.## #....
#.###..#######.. #.#
#....g###.#............. ...
#....gg@..#.#>..........
#....g#####.##.#......). #....
#.......##.####.. ####
#.##.#####.# #.. #.....(.# #..
######### ###


You could see 4 gnolls.

Vanquished Creatures
  2 adders (D:2)
  A worm (D:3)
  A dart slug (D:1)
  2 ball pythons
  2 endoplasms
  3 giant cockroaches
  5 goblins
  3 hobgoblins
  3 quokkas
  3 bats
  4 frilled lizards
  5 kobolds
  4 rats
38 creatures vanquished.

Notes
Turn   | Place    | Note
-------+----------+-------------------------------------------
     0 | D:1      | tio the Human Wanderer began the quest for the Orb.
     0 | D:1      | tio set off with the following items: a +0 dagger, a potion
                  | of berserk rage, a +0 robe, a potion of attraction; and the
                  | following spells available to memorise: Sting, Sandblast,
                  | Poisonous Vapours, Ignite Poison, Stone Arrow.
     0 | D:1      | Reached XP level 1. HP: 15/15 MP: 2/2
   244 | D:1      | Reached XP level 2. HP: 18/21 MP: 3/3
   718 | D:1      | Reached XP level 3. HP: 25/26 MP: 4/4
   895 | D:2      | Found a faded altar of an unknown god.
   910 | D:2      | Prayed at the altar of an unknown god.
   910 | D:2      | Became a worshipper of Dithmenos the Shadowed
   910 | D:2      | Reached * piety under Dithmenos
  1140 | D:2      | Reached XP level 4. HP: 25/32 MP: 5/5
  1577 | D:3      | Found Byalus's Antique Weapon Shoppe.
  1608 | D:3      | Found a white marble altar of Elyvilon.
  1785 | D:3      | Reached skill level 1 in Short Blades
  1808 | D:3      | Mangled by a gnoll

Illustrated notes

Levels and vault maps discovered:
D:1:      denvon_arrival_waterhouse, layout_basic
D:2:      layout_rooms, shapermc_ecumenical_altar_starsandcircs,
          dk_noncrumbling_4
D:3:      layout_loops_cross, gammafunk_temple_overflow_elements,
          elyvilon_altar_1, serial_shops, shop, nicolae_shop_stone

Skill      XL: |  1  2  3  4 |
---------------+-------------+-----
Short Blades   | 1 |  1.0
Fighting       | |  1.2
Armour         | |  1.3
Dodging        | |  2.5
Stealth        | |  1.6
Spellcasting   | |  1.2
Earth Magic    | |  1.0
Poison Magic   | |  3.7

Action                     |  1- 3 |  4- 6 || total
---------------------------+-------+-------++-------
  Melee: Dagger            |    13 |       ||    13
         Short sword       |    92 |    26 ||   118
         Punch             |     2 |     1 ||     3
    Use: Scroll            |       |     7 ||     7
   Stab: Sleeping          |     2 |       ||     2
 Armour: Robe              |     3 |       ||     3
         Leather armour    |     1 |       ||     1
         Chain mail        |    61 |    13 ||    74
  Dodge: Dodged            |    35 |     5 ||    40

Table legend: (Time is in decaauts)
 A = Elapsed time spent in this place.
 B = Non-inter-level travel time spent in this place.
 C = Inter-level travel time spent in this place.
 D = Time resting spent in this place.
 E = Time spent auto-exploring this place.
 F = Levels seen in this place.
 G = Mean time per level.
                   A        B        C        D        E       F      G
               +--------+--------+--------+--------+--------+-----+--------+
         Total |   1805 |   1677 |    128 |      0 |   1315 |   3 |  601.7 |
       Dungeon |   1805 |   1677 |    128 |      0 |   1315 |   3 |  601.7 |
               +--------+--------+--------+--------+--------+-----+--------+

Top non-repeatable levels by time:
     D:1: 851 daAuts
     D:2: 555 daAuts
     D:3: 399 daAuts
